 Dungeon Crawl Stone Soup version 0.30-a0-365-ge7f957f1db (webtiles) character file.

Game seed: 12610006080128635587

31 qeuew the Trooper (level 3, -2/29 HPs)
             Began as a Demonspawn Fighter on Nov 16, 2022.
             Slain by Sigmund
             ... wielding a +0 scythe
              (4 damage)
             ... on level 1 of the Dungeon.
             The game lasted 00:03:00 (742 turns).

qeuew the Trooper (Demonspawn Fighter)               Turns: 742, Time: 00:03:00

Health: -2/29      AC:  6    Str: 16    XL:     3   Next: 7%
Magic:  3/3        EV:  9    Int:  9    God:
Gold:   68         SH:  5    Dex: 14    Spells: 2/2 levels left

rFire   . . .      SeeInvis .    a - +0 war axe
rCold   . . .      Faith    .    c - +0 buckler
rNeg    . . .      Spirit   .    b - +0 scale mail
rPois   .          Reflect  .    (no helmet)
rElec   .          Harm     .    (no cloak)
rCorr   .          Rampage  .    (no gloves)
Will    .....                    (no boots)
Stlth   ..........               (no amulet)
HPRegen 0.24/turn                (no ring)
MPRegen 0.08/turn                (no ring)

@: mighty
A: foul stench 1
a: no special abilities


You were on level 1 of the Dungeon.
You visited 1 branch of the dungeon, and saw 2 of its levels.

You collected 68 gold pieces.

Inventory:

Hand Weapons
 a - a +0 war axe (weapon)
Armour
 b - a +0 scale mail (worn)
 c - a +0 buckler (worn)
Potions
 e - a potion of magic


   Skills:
 + Level 3.2 Fighting
 + Level 2.2 Axes
 + Level 3.0 Armour
 + Level 0.3 Dodging
 + Level 3.0 Shields


You had 2 spell levels left.
You didn't know any spells.
Your spell library contained the following spells:

 Spells                   Type           Power      Damage    Failure   Level
 Gell's Gravitas          Tloc           0%         N/A       99%         3
 Teleport Other           Tloc           0%         N/A       99%         3
 Dispersal                Tloc           0%         N/A       100%        6


Dungeon Overview and Level Annotations

Branches:
Dungeon (2/15)

Altars:

Annotations:
D:1 Sigmund


Innate Abilities, Weirdness & Mutations

You may rarely emit foul miasma when damaged in melee.


Message History

You closely miss the goblin. The goblin closely misses you.
The goblin hits you but does no damage.
You hit the goblin.
You kill the goblin!
You now have 68 gold pieces (gained 14).
You see here a +0 club.
There is a stone staircase leading down here.
You start resting.
HP restored.
You climb downwards.
Level annotation: Sigmund Sigmund mumbles some strange words.
Sigmund flickers and vanishes!
Deactivating autopickup; reactivate with Ctrl-A.
There is a stone staircase leading up, spattered with blood here.
You see here a frilled lizard skeleton.
You hear some strange, mumbled words.
You are confused.
Something hits you!
There is a stone staircase leading up, spattered with blood here.
You see here a frilled lizard skeleton.
You see here a +6 ring of intelligence.
You bump into the tree.
You bump into the tree.
Something hits you.
You bump into the tree.
Something hits you.
You feel less confused. Something hits you!
You see here a +6 ring of intelligence.
There is a stone staircase leading up, spattered with blood here.
You see here a frilled lizard skeleton.
Something hits you.
You climb upwards.
Reactivating autopickup.
There is a stone staircase leading down here.
You feel very mighty all of a sudden. Something hits you!
* * * LOW HITPOINT WARNING * * *
Deactivating autopickup; reactivate with Ctrl-A.
You closely miss something. Something hits you.
You die...

#...........####.......
#)................#####
#.................#
####...†.............#
#...#######..........## #
#...# #....†......####
#...# #............##)
##...##########............
#....'...)@{...............
#†...#####.####......###...
#....#####'########### ###.
#....#.......# ##
#.####.......# ##########
#.####.......# #.......#
#.#.....##..######..[....#
#.'.....'.......##......†##
###.....####....#..........


There were no monsters in sight!

Vanquished Creatures
  2 endoplasms (D:1)
  A giant cockroach (D:1)
  2 goblins (D:1)
  3 hobgoblins
  7 jackals
  A quokka (D:1)
  2 ball pythons (D:1)
  2 frilled lizards
  4 kobolds
  4 rats (D:1)
28 creatures vanquished.

Vanquished Creatures (others)
  3 plants (D:2)
3 creatures vanquished.

Grand Total: 31 creatures vanquished

Notes
Turn   | Place    | Note
-------+----------+-------------------------------------------
     0 | D:1      | qeuew the Demonspawn Fighter began the quest for the Orb.
     0 | D:1      | Reached XP level 1. HP: 18/18 MP: 1/1
   141 | D:1      | Gained mutation: You may rarely emit foul miasma when
                  | damaged in melee. [demonic ancestry]
   141 | D:1      | Reached XP level 2. HP: 21/24 MP: 2/2
   267 | D:1      | Found a faded altar of an unknown god.
   496 | D:2      | Reached XP level 3. HP: 8/29 MP: 3/3
   531 | D:2      | Noticed Sigmund
   742 | D:1      | Slain by Sigmund

Illustrated notes

Levels and vault maps discovered:
D:1:      ebering_hopf_link, layout_basic, ebering_ecumenical_altar_petrified,
          hangedman_decor_growths
D:2:      layout_rooms, hangedman_glass_teeth, serial_bayou_ford_a,
          uniq_sigmund, uniq_natasha, uniq_robin

Skill      XL: |  1  2 |
---------------+-------+-----
Axes           | 2 |  2.2
Shields        | 3 |  3.0
Armour         | 3 |  3.0
Fighting       | |  3.2
Dodging        | |  0.3

Action                   || total
-------------------------++-------
Melee: War axe           ||    92
  Use: Scroll            ||     4
       Potion            ||     2
Armor: Scale mail        ||    62
Dodge: Dodged            ||    72
Block: Buckler           ||    33

Table legend: (Time is in decaauts)
 A = Elapsed time spent in this place.
 B = Non-inter-level travel time spent in this place.
 C = Inter-level travel time spent in this place.
 D = Time resting spent in this place.
 E = Time spent auto-exploring this place.
 F = Levels seen in this place.
 G = Mean time per level.
                   A        B        C        D        E       F      G
               +--------+--------+--------+--------+--------+-----+--------+
         Total |    787 |    776 |     11 |    174 |    350 |   2 |  393.5 |
       Dungeon |    787 |    776 |     11 |    174 |    350 |   2 |  393.5 |
               +--------+--------+--------+--------+--------+-----+--------+

Top non-repeatable levels by time:
     D:1: 690 daAuts
     D:2: 97 daAuts
